[Event "Live Chess"]
[Site "Chess.com"]
[Date "2023.05.20"]
[Round "-"]
[White "Ed_Knox"]
[Black "Man-Del-Brot"]
[Result "1-0"]
[WhiteElo "1471"]
[BlackElo "1092"]
[TimeControl "300"]
[EndTime "15:34:02 PDT"]
[Termination "Ed_Knox won by checkmate"]

1. d4 Nf6 2. Bf4 d5 3. e3 Nbd7 4. Nf3 h6 5. Nc3 g5 6. Bg3 Nh5 7. Be5 f6 8. Nd2 Ng7 9. Bg3 c6 10. Be2 Nf5 11. Bh5# 1-0

[Event "Live Chess"]
[Site "Chess.com"]
[Date "2023.05.20"]
[Round "-"]
[White "manthanit"]
[Black "CeladonFish"]
[Result "1-0"]
[WhiteElo "1033"]
[BlackElo "1141"]
[TimeControl "300"]
[EndTime "15:34:03 PDT"]
[Termination "manthanit won by resignation"]

1. e4 d6 2. Nf3 Nf6 3. Nc3 g6 4. d4 Bg7 5. Bd3 O-O 6. Be3 c6 7. h3 b5 8. a3 a5 9. O-O Ba6 10. Re1 b4 11. Ne2 Bxd3 12. Qxd3 bxa3 13. bxa3 c5 14.
Rab1 cxd4 15. Nexd4 Nbd7 16. c4 Nc5 17. Qd2 Nfxe4 18.
Qc2 Rb8 19. Nb3 Nxb3 20. Rxb3 Rxb3 21. Qxb3 Nc5 22. Bxc5 dxc5 23. Qb5 Qc7 24. Nd2 Rd8 25. Nb3 Bc3 26. Rxe7 Qxe7 27. Nxa5 Bxa5 28. Qxa5 Qe4 29. Qxd8+ Kg7 1-0

[Event "Live Chess"]
[Site "Chess.com"]
[Date "2023.05.20"]
[Round "-"]
[White "Ferrarifan27"]
[Black "JackCheetham1"]
[Result "1-0"]
[WhiteElo "2071"]
[BlackElo "1692"]
[TimeControl "300"]
[EndTime "15:34:05 PDT"]
[Termination "Ferrarifan27 won by resignation"]

1. e4 c5 2. Nf3 d6 3. d4 cxd4 4. Nxd4 Nf6 5. Nc3 g6 6. Nd5 Nxe4 7. Nb5 Qa5+ 8. b4 Qd8 9. Nbc7+ Kd7 10. Nxa8 Bg7 11.
Rb1 e6 12. Bb5+ Nc6 13. c4 Qh4 14. Be3 Kd8 15. Nf4 Nc3 16. Qxd6+ Bd7 17. Bxa7 Be5 18. Bb6+ Ke8 19. Nc7+ Kd8 20. Na6+ Ke8 21. Nc7+ Kd8 22. Ncxe6+ Ke8 23. Ng7+ Bxg7 24. Bxc6 bxc6 25. O-O Ne4 26. Rfe1 Qxf2+ 27. Bxf2 1-0

[Event "Live Chess"]
[Site "Chess.com"]
[Date "2023.05.20"]
[Round "-"]
[White "Fazer180"]
[Black "LodeshChess"]
[Result "1-0"]
[WhiteElo "1754"]
[BlackElo "1105"]
[TimeControl "300"]
[EndTime "15:34:15 PDT"]
[Termination "Fazer180 won on time"]

1. e4 c6 2. d4 d5 3. Nc3 dxe4 4. Nxe4 Bf5 5. Ng3 Bg6 6. h4 h6 7. h5 Bh7 8. Nf3 Nd7 9. Bd3 Bxd3 10. Qxd3 e6 11.
c4 Qa5+ 12. Bd2 Bb4 13. O-O Bxd2 14. Nxd2 Ngf6 15. Nde4 O-O 16. a3 Rad8 17. b4 Qc7 18.
Qf3 Nxe4 19. Nxe4 Nf6 20. Nxf6+ gxf6 21. Qxf6 Kh7 22. Rfe1 Rg8 23. Re3 Rg5 24. Rf3 Rf8 25. Rh3 Rfg8 26. g3 Rf5 27. Qh4 Rfg5 28. Qe4+ Rf5 29.
Rd1 Rg5 30. Qd3 Qd8 31. Rh4 Qg8 32. Kh2 Rg4 33. Rxg4 Qxg4 34. Kg2 Qxh5 35. Rg1 Qg6 36. Kf1 Rxf2+ 37. Kxf2 Qxd3 38. Kg2 Qxd4 39. Kh3 Qxc4 40. Kh2 1-0

[Event "Live Chess"]
[Site "Chess.com"]
[Date "2023.05.20"]
[Round "-"]
[White "Delacorta"]
[Black "AttackingSnowLeopard"]
[Result "0-1"]
[WhiteElo "1425"]
[BlackElo "2124"]
[TimeControl "300"]
[EndTime "15:34:18 PDT"]
[Termination "AttackingSnowLeopard won by resignation"]

1. d4 d5 2. Nf3 Nf6 3. b3 Bf5 4. e3 e6 5. Bd3 Bxd3 6. Qxd3 Nbd7 7. Bb2 c6 8. Nbd2 Bd6 9. Ne5 O-O 10. O-O Qc7 11.
f4 c5 12. c4 cxd4 13. exd4 Bb4 14. Rac1 Bxd2 15. Qxd2 Nxe5 16. fxe5 Ne4 17. Qd3 Qd7 18. cxd5 exd5 19. Rc2 f5 20. Rfc1 Rac8 21. Rxc8 Rxc8 22. Rxc8+ Qxc8 23. g3 Qc6 24. Kg2 g5 25. Kh3 Qh6+ 26. Kg2 f4 27. Qb5 Qe6 28. Qxb7 f3+ 29. Kf1 Qh3+ 30.
Ke1 f2+ 0-1

[Event "Live Chess"]
[Site "Chess.com"]
[Date "2023.05.20"]
[Round "-"]
[White "Daniel_Gliddon_FA"]
[Black "LL220284LL"]
[Result "0-1"]
[WhiteElo "1268"]
[BlackElo "2399"]
[TimeControl "300"]
[EndTime "15:34:23 PDT"]
[Termination "LL220284LL won by resignation"]

1. e4 c5 2. d4 cxd4 3. Nf3 Nc6 4. Nxd4 g6 5. Nc3 Bg7 6. Be3 Nf6 7. Nxc6 bxc6 8. e5 Ng8 9. Bd4 Qa5 10. e6 Nf6 11. exf7+ Kxf7 12. Bc4+ d5 13. Bb3 e5 14. Bxe5 Re8 15. f4 Qb6 16. Nxd5 cxd5 17. Bxd5+ Nxd5 18. Qxd5+ Be6 19. Qd6 Qxd6 20. Bxd6 Bxb2 21. Rb1 Bxa2+ 22. Be5 Bxb1 23. O-O Bxe5 24. fxe5+ Kg8 25. Rxb1 Rxe5 26. Rb7 a5 27. Kf2 a4 28. Kf3 a3 0-1

[Event "Live Chess"]
[Site "Chess.com"]
[Date "2023.05.20"]
[Round "-"]
[White "Jo1ts"]
[Black "lateforthesky"]
[Result "1/2-1/2"]
[WhiteElo "779"]
[BlackElo "2107"]
[TimeControl "300"]
[EndTime "15:34:27 PDT"]
[Termination "Game drawn by repetition"]

1. d4 Nf6 2. Bf4 g6 3. c3 Bg7 4. Nf3 d6 5. e3 O-O 6. Nbd2 c5 7. Bc4 a6 8. a3 b5 9. Ba2 Bb7 10. b4 c4 11. O-O Nbd7 12. Bb1 Nh5 13. Bg5 h6 14. Bh4 g5 15. Bg3 Nxg3 16. hxg3 f5 17. Re1 d5 18. Qc2 e6 19. a4 Nf6 20. axb5 axb5 21.
Rxa8 Qxa8 22. Qa2 Qxa2 23. Bxa2 Ra8 24. Bb1 Ra3 25. Rc1 Ne4 26. Nxe4 fxe4 27. Ne5 Bxe5 28. dxe5 Ra1 29. Kh2 Bc6 30. f3 exf3 31. gxf3 Kg7 32.
f4 Be8 33. Rg1 Bg6 34. Bxg6 Rxg1 35. Kxg1 Kxg6 36. Kg2 g4 37. Kh2 Kf5 38. Kg2 Ke4 39. Kf2 Kf5 40. Ke2 h5 41. Kf2 Ke4 42. Ke2 Kf5 43.
Kf2 Ke4 44. Ke2 Kf5 1/2-1/2

[Event "Live Chess"]
[Site "Chess.com"]
[Date "2023.05.20"]
[Round "-"]
[White "Hussamalhaidar"]
[Black "karimghalambaz"]
[Result "0-1"]
[WhiteElo "1030"]
[BlackElo "1270"]
[TimeControl "300"]
[EndTime "15:34:30 PDT"]
[Termination "karimghalambaz won by checkmate"]

1. b3 c5 2. Bb2 d6 3. d4 cxd4 4. Qxd4 e5 5. Qa4+ Bd7 6. Qc4 Nc6 7. Nf3 Nf6 8. e4 Be7 9. Nbd2 Rc8 10. Ng5 O-O 11. Qe2 Nd4 12. Bxd4 exd4 13. O-O-O Qb6 14. Nc4 Qc7 15. Rxd4 b5 16. Nb2 a5 17. f4 a4 18.
bxa4 bxa4 19. Nxa4 Ra8 20. e5 dxe5 21. fxe5 Ng4 22. Rxd7 Qxd7 23. e6 Bxg5+ 24. Kb1 Qxa4 25. exf7+ Rxf7 26. c3 Rb8+ 27. Ka1 Qa3 28. Qc4 Qb2# 0-1

[Event "Live Chess"]
[Site "Chess.com"]
[Date "2023.05.20"]
[Round "-"]
[White "Nazar_777"]
[Black "birdseed45"]
[Result "1-0"]
[WhiteElo "1638"]
[BlackElo "1864"]
[TimeControl "300"]
[EndTime "15:34:59 PDT"]
[Termination "Nazar_777 won by resignation"]

1. e3 c5 2. h4 d5 3. a3 Nf6 4. c4 e6 5. cxd5 exd5 6. Nf3 Bd6 7.
Be2 Nc6 8. Qc2 Qe7 9. Nc3 Ne5 10. b3 Nxf3+ 11. gxf3 Be6 12. Bb2 d4 13. Ne4 Nxe4 14.
fxe4 Rc8 15. f4 dxe3 16. dxe3 a6 17. e5 Bb8 18. Bc4 b5 19. Bxe6 Qxe6 20. Qe4 O-O 21.
Rg1 Qxb3 22. Rb1 Qc4 23. Qg2 g6 24. h5 Qe6 25. Qg5 Rcd8 26. Qh6 Qd5 27. e6 Qd2+ 28. Kf1 Qd3+ 29. Kf2 Qd2+ 30. Kf3 Qd5+ 31. Kg3 f6 32. e7 Rde8 33. exf8=Q+ Rxf8 34. hxg6 hxg6 35. Qxg6+ Kh8 36. Rh1+ 1-0

[Event "Live Chess"]
[Site "Chess.com"]
[Date "2023.05.20"]
[Round "-"]
[White "GMHarry-youtube"]
[Black "hturner40"]
[Result "1-0"]
[WhiteElo "2008"]
[BlackElo "1798"]
[TimeControl "300"]
[EndTime "15:35:03 PDT"]
[Termination "GMHarry-youtube won on time"]

1. e4 Nc6 2. Nf3 e5 3. Bc4 Nf6 4. d3 Be7 5. c3 d6 6. O-O a6 7. h3 Na5 8. Bb3 Nxb3 9. axb3 O-O 10. c4 c6 11. Nc3 Qc7 12. Be3 Bd7 13. d4 b5 14. c5 b4 15. dxe5 dxe5 16. Na4 Nxe4 17.
Nb6 Rad8 18. Qc2 Bf5 19. Qc4 a5 20. Rxa5 Rd5 21. Nxd5 cxd5 22. Qa6 Nxc5 23. Bxc5 Bxc5 24. Nxe5 Bd6 25. Nf3 Be4 26. Qa7 Qd8 27. Qd4 Qxa5 28. Nd2 Qc5 29. Qxc5 Bxc5 30. Nxe4 dxe4 31. Rc1 Bd4 32.
Re1 f5 33. Re2 Rc8 34. Rd2 Bb6 35. g3 e3 36. Rd1 exf2+ 37. Kg2 Rc2 38. Kf1 Rxb2 39.
Rc1 Be3 40. Rc8+ Kf7 41. Rc7+ Kg6 42. Rc6+ Kg5 43. h4+ Kg4 44. Kg2 Rb1 45. Rc4+ 1-0

[Event "Live Chess"]
[Site "Chess.com"]
[Date "2023.05.20"]
[Round "-"]
[White "domrobson"]
[Black "IgorSchukin"]
[Result "1-0"]
[WhiteElo "1790"]
[BlackElo "1729"]
[TimeControl "300"]
[EndTime "15:35:09 PDT"]
[Termination "domrobson won by checkmate"]

1. d4 d5 2. c4 e5 3. dxe5 d4 4. Nf3 Nc6 5. a3 Nge7 6. Nbd2 Ng6 7. Nb3 Ngxe5 8. Nfxd4 Nxd4 9. Nxd4 Nxc4 10. Qa4+ c6 11. Qxc4 Bd6 12. e3 O-O 13. Bd3 Kh8 14. O-O a5 15. b3 Bd7 16. Bb2 b5 17. Qc2 h5 18. Nf5 Bxf5 19. Bxf5 c5 20. Rfd1 Qe7 21.
Qe4 Qc7 22. Qf3 Be5 23. Qxh5+ Kg8 24. Qh7# 1-0

[Event "Live Chess"]
[Site "Chess.com"]
[Date "2023.05.20"]
[Round "-"]
[White "grillage"]
[Black "JohanKjeldahl"]
[Result "1-0"]
[WhiteElo "1864"]
[BlackElo "1858"]
[TimeControl "300"]
[EndTime "15:35:17 PDT"]
[Termination "grillage won by checkmate"]

1. d4 Nf6 2. Nc3 d5 3. Bf4 c6 4. e3 g6 5. Nf3 Bg7 6. h4 Nbd7 7.
Qd2 h5 8. Ne5 O-O 9. O-O-O a5 10. Be2 Nxe5 11. Bxe5 b5 12. f3 a4 13. g4 b4 14. Nb1 b3 15. a3 bxc2 16. Qxc2 hxg4 17. fxg4 Ne4 18. Bd3 Bxe5 19. dxe5 Qb6 20. Bxe4 Qxe3+ 21. Nd2 dxe4 22. Kb1 Bxg4 23. Rdg1 Bf5 24. Ka1 Rab8 25. h5 Rfd8 26. Nc4 Qd4 27. hxg6 fxg6 28. Qh2 Qxc4 29. Qh7+ Kf8 30. Qh8+ Qg8 31. Qh6+ Qg7 32. Qf4 Kf7 33. Rg3 Rh8 34. Rhg1 Qh6 35. Qf1 Qd2 36. Qc4+ Be6 37. Rf1+ Kg7 38. Rxg6+ Kxg6 39. Qxe6+ Kg5 40. Qf5+ Kh6 41. Rh1+ Kg7 42. Rg1+ Kh6 43. Qh3# 1-0

[Event "Live Chess"]
[Site "Chess.com"]
[Date "2023.05.20"]
[Round "-"]
[White "BJAW87"]
[Black "Long1968"]
[Result "1-0"]
[WhiteElo "1428"]
[BlackElo "1179"]
[TimeControl "300"]
[EndTime "15:35:32 PDT"]
[Termination "BJAW87 won on time"]

1. e4 e6 2. d4 d5 3. exd5 exd5 4. Nf3 Bg4 5. h3 Bh5 6. Nbd2 Qe7+ 7. Be2 Nf6 8. O-O Nbd7 9. c3 O-O-O 10. Re1 Qd6 11. Ng5 Bg6 12. a4 h6 13. Ngf3 Ne4 14. Nxe4 Bxe4 15.
b4 Nf6 16. a5 Re8 17. Ne5 Re7 18. b5 Nd7 19. Bf4 Nxe5 20. Bxe5 Qg6 21. f3 Rxe5 22. dxe5 Bc5+ 23. Kf1 Bf5 24. g4 Bxg4 25. hxg4 h5 26.
Qxd5 hxg4 27. Qxc5 Rh1+ 28. Kf2 g3+ 29. Ke3 Qg5+ 30. Kd3 Qf5+ 31. Kd2 Rxe1 32. Rxe1 Qf4+ 33. Qe3 Qa4 34. a6 1-0

[Event "Live Chess"]
[Site "Chess.com"]
[Date "2023.05.20"]
[Round "-"]
[White "wadsy27"]
[Black "chessfiction"]
[Result "1-0"]
[WhiteElo "2564"]
[BlackElo "2338"]
[TimeControl "300"]
[EndTime "15:35:34 PDT"]
[Termination "wadsy27 won by checkmate"]

1. c4 d5 2. cxd5 c6 3. dxc6 e5 4. Nc3 Bc5 5. Nf3 Nf6 6. d3 O-O 7. e3 Nxc6 8. Be2 Bg4 9. O-O Qd7 10. Ne4 Bb6 11. Nxf6+ gxf6 12. h3 Bxh3 13. gxh3 Qxh3 14. Nh2 Kh8 15. Bg4 Qh4 16. Kh1 Rg8 17. Qf3 e4 18. Qh3 Qxh3 19. Bxh3 exd3 20. Bd2 Ne5 21. Bc3 Rg6 22. Bf5 Rh6 23. Bxe5 fxe5 24. Bxd3 e4 25. Bxe4 Bc7 26. f4 Re8 27. Rac1 Bb6 28. Bxb7 Rxe3 29.
Rc8+ Kg7 30. Rg1+ Kf6 31. Rc6+ Re6 32. Rxe6+ fxe6 33. Rf1 Kf5 34. Ba6 Ke4 35. Bb7+ Ke3 36. Rf3+ Kd2 37. Kg2 Kc2 38. b3 Kb2 39. a4 Rg6+ 40. Rg3 Rxg3+ 41. Kxg3 Kxb3 42. Bc6 Bc7 43. Nf3 Kb4 44. Bd7 h5 45. Ng5 h4+ 46. Kg4 h3 47. Nxh3 a5 48. Ng5 Bd6 49. Nxe6 Be7 50. f5 Bf6 51.
Kh5 Be7 52. Kg6 Bh4 53. f6 Bxf6 54. Kxf6 Kc4 55. Bb5+ Kd5 56. Nd8 Kd6 57. Nc6 Kc7 58. Nxa5 Kb6 59. Nc4+ Kc5 60. Ke6 Kb4 61. Kd6 Kc3 62. a5 Kd4 63. a6 Kc3 64. a7 Kb4 65. a8=Q Kc3 66. Qa3+ Kd4 67. Qb2+ Ke4 68. Qe2+ Kf4 69.
Qe3+ Kg4 70. Ke5 Kh4 71. Qg1 Kh3 72. Kf4 Kh4 73. Qg4# 1-0

[Event "Live Chess"]
[Site "Chess.com"]
[Date "2023.05.20"]
[Round "-"]
[White "McSlash1"]
[Black "jk0110"]
[Result "1-0"]
[WhiteElo "1998"]
[BlackElo "1116"]
[TimeControl "300"]
[EndTime "15:35:34 PDT"]
[Termination "McSlash1 won by checkmate"]

1. e4 e5 2. Nf3 Nc6 3. Bb5 a6 4. Ba4 b5 5. Bb3 Nf6 6. O-O Bc5 7. Re1 O-O 8. c3 Ng4 9. d4 exd4 10. cxd4 Bb4 11.
Nc3 Na5 12. Bc2 c5 13. dxc5 Bxc5 14. Re2 Qb6 15. Qd3 Bxf2+ 16. Kh1 Bg3 17. e5 Nf2+ 18. Rxf2 Bxf2 19. Qxh7# 1-0

[Event "Live Chess"]
[Site "Chess.com"]
[Date "2023.05.20"]
[Round "-"]
[White "weibs440"]
[Black "SupremeTactician"]
[Result "0-1"]
[WhiteElo "941"]
[BlackElo "2356"]
[TimeControl "300"]
[EndTime "15:35:36 PDT"]
[Termination "SupremeTactician won by resignation"]

1. e4 e5 2. Nc3 Nc6 3. Bc4 Bc5 4. Qg4 Qf6 5. Nd5 Qxf2+ 6. Kd1 h5 7. Qxg7 Na5 8. Nh3 Qh4 9. Nxc7+ Kd8 10. Bxf7 Kxc7 11. Qxh8 Qg4+ 12. Ke1 Qxe4+ 13. Kd1 d6 14. Re1 Bg4+ 0-1

[Event "Live Chess"]
[Site "Chess.com"]
[Date "2023.05.20"]
[Round "-"]
[White "Doge_Dandolo"]
[Black "TheSmoulderingMaster"]
[Result "1-0"]
[WhiteElo "2033"]
[BlackElo "1687"]
[TimeControl "300"]
[EndTime "15:35:37 PDT"]
[Termination "Doge_Dandolo won by resignation"]

1. Nf3 d5 2. c4 d4 3. b4 c5 4. g3 Nc6 5. bxc5 e5 6. d3 Bxc5 7. Bg2 Nf6 8. O-O O-O 9. Bg5 Bg4 10. Nbd2 Re8 11. Ne4 Be7 12. Nxf6+ Bxf6 13. Bxf6 Qxf6 14.
Nd2 Nb4 15. Rb1 Nxd3 16. Qa4 Nc5 17. Qb5 b6 18. Bxa8 Rxa8 19. Qc6 Rc8 20. Qg2 Bxe2 21.
Rfe1 d3 22. Ne4 Nxe4 23. Qxe4 Rd8 24. Rxe2 dxe2 25. Qxe2 Qf5 26. Rc1 e4 27. c5 bxc5 28. Qb5 Qf3 29. Qa5 Rd5 30. Qxa7 h6 31. Qa8+ Kh7 32.
Qxd5 c4 33. Qxc4 e3 34. Qd3+ f5 35. Qxe3 1-0

[Event "Live Chess"]
[Site "Chess.com"]
[Date "2023.05.20"]
[Round "-"]
[White "1600x"]
[Black "WelshTiger"]
[Result "1-0"]
[WhiteElo "1782"]
[BlackElo "2361"]
[TimeControl "300"]
[EndTime "15:35:44 PDT"]
[Termination "1600x won by checkmate"]

1. e4 c5 2. d4 cxd4 3. Qxd4 Nc6 4. Qd2 d6 5. b3 Nf6 6. Nc3 g6 7. Nf3 Bg7 8. Rb1 O-O 9. b4 Bg4 10.
b5 Na5 11. Nd4 Rc8 12. f3 Bd7 13. Bb2 Nc4 14. Bxc4 Rxc4 15. Nd1 Qb6 16. Ne3 Rc7 17. a4 Rfc8 18. a5 Qc5 19. O-O Be8 20. b6 axb6 21. Nb3 Qg5 22. axb6 Rc6 23. Qf2 Bh6 24. f4 Qh5 25. Bxf6 exf6 26. Nd5 Bg7 27. Ne7+ Kf8 28.
Nxc8 Rxc8 29. f5 Bc6 30. Rfe1 gxf5 31. exf5 Qg5 32. Nd4 Bd5 33. Nb5 Rd8 34. Rbd1 Bc6 35.
Nxd6 Bh6 36. Nxf7 Kxf7 37. Rxd8 Qg4 38. c3 Bf4 39. Qa2+ Kg7 40. Qg8+ Kh6 41. Qxg4 Bg5 42. Qh3+ Kg7 43. Re7# 1-0

[Event "Live Chess"]
[Site "Chess.com"]
[Date "2023.05.20"]
[Round "-"]
[White "EdenHazard8"]
[Black "Singapourfeuj"]
[Result "1-0"]
[WhiteElo "2074"]
[BlackElo "2202"]
[TimeControl "300"]
[EndTime "15:35:53 PDT"]
[Termination "EdenHazard8 won by resignation"]

1. e4 e6 2. d4 d5 3. Nd2 Be7 4. e5 c5 5. c3 Nc6 6. Ngf3 Qb6 7. Bd3 Bd7 8. O-O cxd4 9. cxd4 Nxd4 10. Nxd4 Qxd4 11.
Nf3 Qb6 12. Be3 Bc5 13. Bxc5 Qxc5 14. Rc1 Qb6 15. Ng5 Ne7 16. Qh5 Ng6 17. g3 Nxe5 18. Bb1 g6 19. Qh6 Qd6 20. Qg7 Rf8 21. Nxh7 Nf3+ 22.
Kg2 Nd2 23. Rfd1 Nxb1 24. Nxf8 Qxf8 25. Qxf8+ Kxf8 26. Rxb1 Bc6 27. Rbc1 a5 28. h4 Ke7 29. g4 a4 30. Kg3 a3 31. b3 e5 32. f4 e4 33. f5 gxf5 34. gxf5 Kf6 35. Kf4 Rh8 36. Rh1 d4 37. h5 e3 38. Rh2 Re8 39. h6 Re4+ 40. Kg3 Re8 41. h7 Rh8 42. Kf4 e2 43.
Rg1 d3 44. Ke3 Re8+ 45. Kxd3 Be4+ 46. Kd2 Bxf5 47. h8=Q+ Rxh8 48. Rxh8 1-0

[Event "Live Chess"]
[Site "Chess.com"]
[Date "2023.05.20"]
[Round "-"]
[White "LanceMaster23"]
[Black "parcellforce"]
[Result "1-0"]
[WhiteElo "1861"]
[BlackElo "1361"]
[TimeControl "300"]
[EndTime "15:36:34 PDT"]
[Termination "LanceMaster23 won on time"]

1. Nf3 Nf6 2. d4 e6 3. Bf4 d5 4.
e3 c5 5. Be2 Nc6 6. c3 Bd6 7.
Bg3 Bxg3 8. hxg3 cxd4 9. exd4 Bd7 10. Nbd2 Qb6 11. Qb3 Qxb3 12. axb3 O-O-O 13. b4 Kb8 14. b5 Ne7 15. Ne5 Rhf8 16. Nb3 b6 17. O-O h5 18. Ra3 Kb7 19. Rfa1 Ra8 20. Bf3 g6 21. c4 Bc8 22.
c5 bxc5 23. dxc5 g5 24. Ra6 Kb8 25. R6a5 g4 26. Be2 Ne4 27. b6 Nf6 28. Rxa7 Rxa7 29.
Rxa7 Bb7 30. Bb5 Nc8 31. Ra5 Rd8 32. c6 Nxb6 33. cxb7 Kxb7 34. Bc6+ Kc7 35. Ra8 Rxa8 36. Bxa8 Nxa8 37. Nxf7 Nb6 38. Ng5 Ne4 39. Nxe4 dxe4 40. Nc5 Kd6 41. Nxe4+ Kd5 42. Nf6+ Kd4 43. Nxh5 Nc4 44.
Nf6 Nxb2 45. Nxg4 Nc4 46. f4 Nd2 47. Kf2 Ne4+ 48. Kf3 Kd5 49. Ne3+ Kd4 50. Nc2+ Kd5 51. Nb4+ Kd4 52. Nc6+ Kd5 53. Ne7+ Kd4 54. g4 Nd2+ 55. Kg3 Ne4+ 56. Kh4 Nd2 57. g5 Ne4 58. g6 Nf6 59. g7 Ke4 60. g3 e5 61. fxe5 Kxe5 62. g8=Q Nxg8 63. Nxg8 Ke6 64. Nh6 Kf6 65. g4 Kg7 66. g5 Kg6 67. Ng4 Kg7 68. Kh5 Kh7 69. g6+ Kg7 70. Kg5 Kg8 71. Kh6 Kh8 72. g7+ Kg8 73. Nf6+ Kf7 74. g8=Q+ Kxf6 75. Qg7+ Kf5 76. Qg6+ Kf4 77.
Qg5+ Ke4 78. Kg6 Kf3 79. Qf5+ Ke3 80. Kf6 Kd4 81. Qe5+ Kd3 82. Kf5 Kc4 83. Qe4+ Kc5 84. Ke5 Kb5 85. Qd4 Kc6 86. Ke6 Kb5 87. Qc3 Kb6 88. Kd6 Kb5 89. Qb3+ Ka5 90. Kc6 1-0

[Event "Live Chess"]
[Site "Chess.com"]
[Date "2023.05.20"]
[Round "-"]
[White "JoshMcK"]
[Black "jagbama"]
[Result "0-1"]
[WhiteElo "1533"]
[BlackElo "1146"]
[TimeControl "300"]
[EndTime "15:36:36 PDT"]
[Termination "jagbama won by resignation"]

1. e4 e5 2. Nf3 Nc6 3. Bb5 Bc5 4. c3 Nf6 5. d4 Bb6 6. O-O exd4 7. e5 Ne4 8. Bxc6 bxc6 9. cxd4 d6 10. Re1 d5 11. Nc3 Nxc3 12. bxc3 O-O 13. Bg5 Qd7 14. Bf4 Qf5 15. Be3 Qg6 16. Nh4 Qe4 17. Qf3 Qxh4 0-1

[Event "Live Chess"]
[Site "Chess.com"]
[Date "2023.05.20"]
[Round "-"]
[White "LodeshChess"]
[Black "LL220284LL"]
[Result "0-1"]
[WhiteElo "1105"]
[BlackElo "2399"]
[TimeControl "300"]
[EndTime "15:36:46 PDT"]
[Termination "LL220284LL won by resignation"]

1. e4 e6 2. d4 d5 3. e5 c5 4.
c3 Nc6 5. Nf3 Qb6 6. Bd3 cxd4 7.
O-O Bd7 8. a3 Nge7 9. cxd4 Nxd4 10. b4 Nxf3+ 11. Qxf3 Ng6 12. Be3 d4 13. Bd2 Nxe5 14.
Qg3 Nxd3 15. Qxd3 Bb5 0-1

[Event "Live Chess"]
[Site "Chess.com"]
[Date "2023.05.20"]
[Round "-"]
[White "AbilifyXL"]
[Black "KeithArkell"]
[Result "0-1"]
[WhiteElo "1968"]
[BlackElo "2608"]
[TimeControl "300"]
[EndTime "15:37:06 PDT"]
[Termination "KeithArkell won by resignation"]

1. d4 e6 2. c4 Bb4+ 3. Bd2 Bxd2+ 4. Qxd2 Nf6 5. Nc3 d6 6. Nf3 Qe7 7. e4 e5 8. dxe5 dxe5 9. Be2 c6 10. O-O Bg4 11. Rad1 Bxf3 12. Bxf3 Nbd7 13. a3 a5 14. g3 a4 15. Qc2 Nc5 16. Rfe1 O-O 17. Bg2 Rfd8 18.
h3 Nfd7 19. h4 Nf8 20. Rxd8 Qxd8 21. Rd1 Qb6 22. Kh2 Nfe6 23. Ne2 Rd8 24. f4 Rxd1 25. Qxd1 Qxb2 26. fxe5 Qxe5 27. Qd2 h6 28. Qc3 Qxc3 29. Nxc3 f6 30. Bh3 Nd4 0-1

[Event "Live Chess"]
[Site "Chess.com"]
[Date "2023.05.20"]
[Round "-"]
[White "stevochess11"]
[Black "Lewstar1"]
[Result "1-0"]
[WhiteElo "1763"]
[BlackElo "443"]
[TimeControl "300"]
[EndTime "15:37:08 PDT"]
[Termination "stevochess11 won by checkmate"]

1. d4 Nf6 2. Nf3 g6 3. Nc3 Bg7 4. e4 Nc6 5. Be3 d5 6. e5 Ng4 7. Bg5 f6 8. Bh4 g5 9. Bg3 f5 10. Nxg5 e6 11. h4 Bh6 12. Be2 Bxg5 13. hxg5 Qxg5 14.
Bh4 Qf4 15. Bxg4 fxg4 16. Nb5 Qe4+ 17. Qe2 Qxe2+ 18. Kxe2 O-O 19. Nxc7 Rb8 20. f3 Nxd4+ 21.
Ke3 Nxc2+ 22. Kd2 Nxa1 23. Rxa1 gxf3 24. gxf3 Rxf3 25. Rg1+ Kf7 26. Bf6 Rf2+ 27. Ke3 Rxb2 28. Rg7+ Kf8 29. Rxh7 Rxa2 30. Rh8+ Kf7 31. Ne8 Ra3+ 32.
Kf4 Ra4+ 33. Kg5 d4 34. Nd6# 1-0

[Event "Live Chess"]
[Site "Chess.com"]
[Date "2023.05.20"]
[Round "-"]
[White "Biranidun"]
[Black "AlanPaling"]
[Result "1-0"]
[WhiteElo "2726"]
[BlackElo "1217"]
[TimeControl "300"]
[EndTime "15:37:28 PDT"]
[Termination "Biranidun won by checkmate"]

1. e4 Nf6 2. e5 Nd5 3. d4 d6 4. Nf3 Bg4 5. Be2 e6 6. h3 Bh5 7. c4 Nb6 8. Nc3 dxe5 9. Nxe5 Bxe2 10. Qxe2 N8d7 11. Nf3 Nf6 12. O-O Be7 13. Bf4 c6 14.
Rfe1 O-O 15. Rad1 Bb4 16. Bd2 a5 17. a3 Bxc3 18. Bxc3 a4 19. Ne5 Nbd7 20. Bb4 Re8 21. g4 Nf8 22. Qf3 Qc7 23. g5 N8d7 24. gxf6 Nxf6 25.
Kh1 Rad8 26. Rg1 b5 27. Qxf6 g6 28. Rd3 bxc4 29. Rdg3 Rxd4 30. Nxg6 fxg6 31. Rxg6+ hxg6 32. Rxg6+ Kh7 33. Rh6+ Kg8 34. Rh8# 1-0

[Event "Live Chess"]
[Site "Chess.com"]
[Date "2023.05.20"]
[Round "-"]
[White "LiamBellwood"]
[Black "Missedidea"]
[Result "0-1"]
[WhiteElo "2075"]
[BlackElo "1792"]
[TimeControl "300"]
[EndTime "15:37:41 PDT"]
[Termination "Missedidea won by resignation"]

1. d4 Nf6 2. Nc3 c5 3. Bf4 cxd4 4. Qxd4 Nc6 5. Qd1 d6 6. e4 e5 7. Bg5 Be7 8. Bxf6 Bxf6 9. Nd5 O-O 10. Ne2 Be6 11.
Nec3 Nd4 12. Bc4 Bg5 13. O-O a6 14. f4 Bxd5 15. Nxd5 b5 16. fxg5 bxc4 17. Qh5 Ne6 18. Nf6+ gxf6 19. gxf6 Kh8 20. Rf3 Nf4 21. Qh6 Rg8 22.
g3 Rg6 23. Qh4 Ne2+ 24. Kf2 Nd4 0-1

[Event "Live Chess"]
[Site "Chess.com"]
[Date "2023.05.20"]
[Round "-"]
[White "ossie57"]
[Black "Duke_of_Bebington"]
[Result "0-1"]
[WhiteElo "1918"]
[BlackElo "1589"]
[TimeControl "300"]
[EndTime "15:37:46 PDT"]
[Termination "Duke_of_Bebington won by resignation"]

1. d4 d5 2. Nc3 Nf6 3. Bf4 a6 4.
e3 Bf5 5. Bd3 Bxd3 6. Qxd3 Nbd7 7. O-O-O e6 8. Nf3 c5 9. Ne5 c4 10. Qd2 Bb4 11. a3 Ba5 12. g4 Nb6 13. g5 Ne4 14. Qe1 Nxc3 15. bxc3 Na4 16. g6 f6 17.
Nxc4 dxc4 18. gxh7 Qb6 19. Rd2 Bxc3 20. Kd1 Qb1+ 21. Ke2 Qxe1+ 22. Rxe1 Bxd2 23. Kxd2 Rxh7 24. Rb1 b5 25. Bg3 Rd8 26. Ke2 g6 27. Kf3 Nc3 28.
Re1 Nd5 29. Rb1 Re7 30. Kg2 e5 31. dxe5 fxe5 32. a4 Rb8 33. axb5 axb5 34. Rd1 Nc3 35. Rd6 Kf7 36. Rd2 Ne4 37. Rd5 Nxg3 38. hxg3 Ke6 39. Rd1 b4 40. Ra1 Reb7 41. Ra6+ Rb6 42. Ra7 b3 43.
cxb3 cxb3 44. Rg7 Kf6 45. Rh7 b2 0-1

[Event "Live Chess"]
[Site "Chess.com"]
[Date "2023.05.20"]
[Round "-"]
[White "MrBlond89"]
[Black "VicLemon"]
[Result "0-1"]
[WhiteElo "1352"]
[BlackElo "1389"]
[TimeControl "300"]
[EndTime "15:37:48 PDT"]
[Termination "VicLemon won - game abandoned"]

1. e4 c5 2. d4 cxd4 3. c3 d5 4. cxd4 dxe4 5. Nc3 Nf6 6. Nge2 Nc6 7. d5 Nb4 8. Qa4+ Bd7 9. Qxb4 e6 10. dxe6 Bxb4 11. exf7+ Kxf7 12. Bg5 Re8 13. O-O-O Qa5 14. Bxf6 Kxf6 15.
Rxd7 Bxc3 16. Nxc3 Qg5+ 17. Kb1 Qf5 18. Bc4 Qxd7 19.
Nd5+ Kg6 20. Nf4+ Kh6 21. Kc2 e3 22. fxe3 Qf5+ 23. Bd3 Rac8+ 24. Kd2 Qa5+ 25. Ke2 Qb6 26. Nd5 Qxb2+ 0-1

[Event "Live Chess"]
[Site "Chess.com"]
[Date "2023.05.20"]
[Round "-"]
[White "WilliamofOrange16th"]
[Black "fso"]
[Result "0-1"]
[WhiteElo "1846"]
[BlackElo "2239"]
[TimeControl "300"]
[EndTime "15:37:53 PDT"]
[Termination "fso won on time"]

1. b3 Nf6 2. Bb2 Nc6 3. e3 e5 4. Nf3 d6 5. d4 e4 6. Nfd2 d5 7. c4 Nb4 8. a3 Nd3+ 9. Bxd3 exd3 10. h3 Bf5 11. O-O c6 12. Nf3 Be7 13. Nbd2 O-O 14. Re1 Ne4 15. Ne5 Bd6 16. cxd5 cxd5 17. Ndf3 f6 18.
Nxd3 Rc8 19. Rc1 Qd7 20. Nd2 Rxc1 21. Bxc1 Bxh3 22. Qh5 Nxd2 23. Bxd2 Bf5 24. Nc5 Bxc5 25. dxc5 Bg6 26. Qh4 Qb5 27. Rc1 Qxb3 28. Qb4 Qxb4 29. axb4 a5 30. b5 Rc8 31. Bxa5 Bd3 32. Rd1 Bc4 33.
Bb4 Kf7 34. Rd4 Bxb5 35. Rxd5 Bc6 36. Rd6 Ra8 37. Kh2 Ra2 38. Bd2 Rc2 39. Kg3 Rxc5 40.
f3 Rg5+ 41. Kf2 Rd5 42. Rxd5 Bxd5 43. e4 Bc6 44. Bb4 Ke6 45. Ke3 g6 46. Kd4 f5 47.
exf5+ Kxf5 48. Ke3 h5 49. Kf2 g5 50. g3 g4 51. Be7 Bxf3 52. Bc5 Ke4 53. Bb6 Kd3 0-1